 Dungeon Crawl Stone Soup version 0.29.0-4-gdea44cf6ec (webtiles) character file.

Game seed: 9599727346629418529

2 qw the Chopper (level 1, -7/12 HPs)
             Began as a Tengu Warper on Aug 28, 2022.
             Mangled by a gnoll
             ... wielding a +0 spear
              (8 damage)
             ... on level 1 of the Dungeon.
             The game lasted 00:00:00 (118 turns).

qw the Chopper (Tengu Warper)                        Turns: 118, Time: 00:00:00

Health: -7/12      AC:  3    Str: 11    XL:     1   Next: 40%
Magic:  4/4        EV: 11    Int: 13    God:
Gold:   0          SH:  0    Dex: 13    Spells: 4/4 levels left

rFire   . . .      SeeInvis .   a - +0 hand axe
rCold   . . .      Faith    .   (no shield)
rNeg    . . .      Spirit   .   b - +0 leather armour
rPois   .          Reflect  .   (helmet restricted)
rElec   .          Harm     .   (no cloak)
rCorr   .          Rampage  .   (no gloves)
Will    .....                   (boots unavailable)
Stlth   +.........              (no amulet)
HPRegen 0.04/turn               (no ring)
MPRegen 0.09/turn               (no ring)

@: no status effects
A: beak, talons 3
a: no special abilities


You were on level 1 of the Dungeon.
You visited 1 branch of the dungeon, and saw 1 of its levels.


Innate Abilities, Weirdness & Mutations

You have a beak for a mouth.
You have claws for feet.


   Skills:
 - Level 2.0 Fighting
 + Level 2.5 Axes
 - Level 1.0 Throwing
 - Level 1.1 Armour
 - Level 2.1 Dodging
 - Level 2.0 Spellcasting
 - Level 2.4 Translocations


You had 4 spell levels left.
You didn't know any spells.
Your spell library contained the following spells:

 Spells                   Type           Power      Damage    Failure   Level
 Blink                    Tloc           14%        N/A       19%         2
 Gell's Gravitas          Tloc           7%         N/A       36%         3
 Lesser Beckoning         Tloc           7%         N/A       36%         3
 Teleport Other           Tloc           7%         N/A       36%         3
 Manifold Assault         Tloc           7%         N/A       98%         5

Inventory:

Hand Weapons
 a - a +0 hand axe (weapon)
Missiles
 d - 5 boomerangs of dispersal (quivered)
Armour
 b - a +0 leather armour (worn)
Scrolls
 c - a scroll of blinking
Potions
 e - a potion of curing {unknown}

Dungeon Overview and Level Annotations

Branches:
Dungeon (1/15)

Altars:


Message History

Enter note: Throw: 7 boomerangs (disperse)
Press: ? - help, Q - select action Shift-Dir - straight line, f - bat You throw a boomerang of dispersal.
The boomerang of dispersal hits the bat.
The bat blinks!
The bat is heavily wounded.
The bat hits you but does no damage.
Throw: 6 boomerangs (disperse)
Press: ? - help, Q - select action Shift-Dir - straight line, f/p - bat You throw a boomerang of dispersal.
The boomerang of dispersal barely misses the bat.
The bat hits you. The bat hits you. The bat hits you but does no damage.
You closely miss the bat. The bat misses you.
You start resting.
The bat hits you but does no damage.
You closely miss the bat. You claw the bat.
You kill the bat!
You start resting.
HP restored.
You see here a bat corpse.
A gnoll comes into view. It is wielding a +0 spear.
The gnoll shouts!
110 ||| Stepping ~*~*~tactically~*~*~ (hiding).
111 ||| Stepping ~*~*~tactically~*~*~ (hiding).
You start waiting.
A gnoll is nearby!
113 ||| Stepping ~*~*~tactically~*~*~ (hiding).
You start waiting.
A gnoll is nearby!
The gnoll hits you from afar with a +0 spear!
Ouch! That really hurt!
The gnoll hits you with a +0 spear.
You completely miss the gnoll. You claw the gnoll. You peck the gnoll.
The gnoll is heavily wounded.
The gnoll hits you with a +0 spear!
Ouch! That really hurt!
You die...

.............#
##......######
######%.#
#......###
#.###....#
#....###
###....#
#....# ###@.#
#.g# #..# ...#
....# ...###
.... ...##
#...


You could see a gnoll.

Vanquished Creatures
  2 bats (D:1)
2 creatures vanquished.

Notes
Turn   | Place    | Note
-------+----------+-------------------------------------------
     0 | D:1      | qw the Tengu Warper began the quest for the Orb.
     0 | D:1      | Reached XP level 1. HP: 12/12 MP: 4/4
     0 | D:1      | 0 ||| qw: Version: 0.1-a-89-g26bdef1
     0 | D:1      | 0 ||| qw: Game counter: 2466
     0 | D:1      | 0 ||| qw: Always use a shield: true
     0 | D:1      | 0 ||| qw: God list: Okawaru
     0 | D:1      | 0 ||| qw: Allow faded altars: false
     0 | D:1      | 0 ||| qw: Do Orc after D:15 true
     0 | D:1      | 0 ||| qw: Do second Lair branch before Depths: true
     0 | D:1      | 0 ||| qw: Lair rune preference: random
     0 | D:1      | 0 ||| qw: Plans: Normal
     0 | D:1      | 0 ||| PLANNING D:1-11
   110 | D:1      | 110 ||| Stepping ~*~*~tactically~*~*~ (hiding).
   111 | D:1      | 111 ||| Stepping ~*~*~tactically~*~*~ (hiding).
   113 | D:1      | 113 ||| Stepping ~*~*~tactically~*~*~ (hiding).
   116 | D:1      | HP: 3/12 [gnoll/+0 spear (9)]
   117 | D:1      | HP: 1/12 [gnoll/+0 spear (2)]
   118 | D:1      | Mangled by a gnoll

Levels and vault maps discovered:
D:1:      giann_horns, layout_loops_ring, minmay_quantized

Action                   || total
-------------------------++-------
Melee: Hand axe          ||     4
       Kick              ||     2
       Peck              ||     1
Throw: Boomerang         ||     2
Armor: Leather armour    ||     4
Dodge: Dodged            ||     1

Table legend:
 A = Non-vault XP
 B = Vault XP
 C = Vault XP percentage of total XP
 D = Non-vault monster count
 E = Vault monster count
 F = Vault count percentage of total count
                 A         B        C        D         E       F
            +---------+---------+-------+---------+---------+-------
      Total |       4 |       0 |   0.0 |       2 |       0 |   0.0
            +---------+---------+-------+---------+---------+-------
        D:1 |       4 |       0 |   0.0 |       2 |       0 |   0.0
            +---------+---------+-------+---------+---------+-------
